 Dungeon Crawl Stone Soup version 0.17.2 (webtiles) character file.

5664 Goblin1989 the Grappler (level 10, 0/112 HPs)
             Began as a Demonspawn Transmuter on July 1, 2016.
             Slain by an orc warrior
             ... wielding a +0 dire flail of holy wrath
              (1 damage)
             ... on level 8 of the Dungeon on July 3, 2016.
             The game lasted 00:34:32 (8325 turns).

Goblin1989 the Grappler (Demonspawn Transmuter)     Turns: 8325, Time: 00:34:33

Health: 0/112      AC: 25    Str: 13 (14) XL:     10   Next: 47%
Magic:  13/13      EV:  2    Int: 20      God:    Xom [....*.]
Gold:   1062       SH:  0    Dex: 11      Spells: 4 memorised, 3 levels left

rFire  . . .     SeeInvis .       - Unarmed
rCold  . . .     Clarity  +     (armour currently unavailable)
rNeg   + + +     SustAt   .     (no shield)
rPois  +         Gourm    .     (helmet currently unavailable)
rElec  .         Spirit   .     (cloak currently unavailable)
rCorr  .         Warding  .     (gloves currently unavailable)
rMut   .         NoTele   +     (boots currently unavailable)
MR     +....                    b - amulet of clarity {Clar, !d}
Stlth  +.........               (no ring)
                                x - ring of protection from magic {MR+, !d}

@: brilliant, lethally poisoned (0 -> -2), tree-form, somewhat resistant to
hostile enchantments, very unstealthy
A: (talons 0), (iridescent scales 0), clarity, clumsy 1, (cold resistance 0),
deterioration 1, (spiny 0), spit poison 1
a: Spit Poison, Renounce Religion


You were on level 8 of the Dungeon.
You worshipped Xom.
You were a beloved toy of Xom.
You were full.
You were a tree.
You visited 1 branch of the dungeon, and saw 9 of its levels.
You also visited: Sewer and Bailey.

You collected 1062 gold pieces.

Inventory:

Missiles
 a - 98 arrows
 h - 8 javelins of returning (quivered)
 k - 8 needles of slowing
 q - 11 arrows of frost
Armour
 m - a +0 cloak (melded)
 A - a +2 robe of magic resistance (melded)
 C - a +2 helmet (melded)
 G - a +0 ring mail
Jewellery
 b - an amulet of clarity (around neck) {Clar, !d}
 u - a +2 ring of evasion
 x - a ring of protection from magic (left branch) {MR+, !d}
Wands
 n - a wand of enslavement (0)
 t - a wand of flame (0)
 y - a wand of polymorph (10)
 z - a wand of polymorph (17)
Scrolls
 d - 5 scrolls of remove curse
 e - 3 scrolls of teleportation
 i - 8 scrolls of identify {unknown}
 j - a scroll of silence {unknown}
 l - a scroll of amnesia {unknown}
 p - 4 scrolls of fog
 r - a scroll of immolation {unknown}
 s - 4 scrolls of enchant weapon {unknown}
 w - a scroll of recharging
 E - a scroll of brand weapon {unknown}
 F - 2 scrolls of random uselessness {unknown}
 H - a scroll of noise {unknown}
Potions
 v - 2 potions of curing
Books
 c - a book of Changes

   Spells                             Type                      Level
   a - Beastly Appendage              Transmutation                1
   b - Sticks to Snakes               Transmutation                2
   c - Spider Form                    Transmutation/Poison         3
   d - Ice Form                       Ice/Transmutation            4
   e - Blade Hands                    Transmutation                5
Miscellaneous
 f - a box of beasts {used: 4}
Comestibles
 B - 3 bread rations
 I - a royal jelly
 J - 2 meat rations


   Skills:
 * Level 5.6 Fighting
 * Level 5.5 Dodging
 + Level 11.5 Unarmed Combat
 - Level 2.0 Spellcasting
 * Level 5.2 Transmutations


You had 3 spell levels left.
You knew the following spells:

 Your Spells              Type           Power        Failure   Level  Hunger
a - Beastly Appendage     Trmt           #####.       1%          1    #......
b - Sticks to Snakes      Trmt           #####.....   1%          2    ##.....
c - Confusing Touch       Hex            ##....       3%          2    ##.....
d - Blade Hands           Trmt           #####.....   9%          5    ######.


Dungeon Overview and Level Annotations

Branches:
Dungeon (9/15)             Temple (0/1) D:6
   Lair: D:8-11         Orc: D:9-12

Altars:
Ashenzari
Dithmenos
Elyvilon
Nemelex Xobeh
Qazlal
Trog
Xom


Innate Abilities, Weirdness & Mutations

((You have razor-sharp toenails.))
((You are partially covered in iridescent scales (AC +4).))
((Your flesh is cold resistant.))
((You are mostly covered in sharp spines.))
You possess an exceptional clarity of mind.
You are clumsy. (Dex -2)
Your body sometimes deteriorates upon taking damage.
You can spit weak poison.


Message History

It was a scroll of blinking.
The giant frog hits you but does no damage.
The orc hits you but does no damage. The orc barely misses you.
The orc warrior hits you but does no damage.
The yak gores you but does no damage.
You pummel the orc wizard!!
You kill the orc wizard!
You feel sick.
The giant frog hits you but does no damage.
The orc barely misses you.
The worker ant bites you but does no damage.
You take 1 damage, and have 2/112 hp.
You smack the worker ant!
The giant frog hits you but does no damage.
The orc hits you from afar with a trident.
* * * LOW HITPOINT WARNING * * *
The yak gores you but does no damage.
The orc warrior hits you with a dire flail of holy wrath.
You die...
Xom cackles wildly!

. # .. .# ... ...
.... $..# .....
....#
......###......
.....sF♣ao#
#.........ooYo....#
#..[.......o###....
#...........# ..#
#.s......#.# #
#......#.[#
#.......##
#.......# #...>...#


You could see a yak, an orc warrior, a giant frog, a scorpion, a worker ant and
4 orcs.

Vanquished Creatures
  An orc knight (Bailey)
  The ghost of Alipheese the Grappler, a novice NaTm (D:4)
  Grinder (D:3)
  Prince Ribbit (D:7)
  3 yaks
  Sigmund (D:3)
  The ghost of Alipheese the Ruffian, an amateur NaTm of Cheibriados (D:3)
  Edmund (D:5)
  5 orc warriors
  A black bear (D:6)
  3 ice beasts
  2 centaurs
  4 ogres
  3 giant frogs
  12 killer bees
  A jelly (D:9)
  2 crimson imps
  6 orc priests
  Ijyb (D:3)
  A giant frog skeleton (D:4)
  A gnoll shaman (D:4)
  4 hounds
  5 orc wizards
  5 worker ants
  Jessica (D:2)
  A hound zombie (D:9)
  3 adders
  8 gnolls
  12 oozes
  An adder zombie (D:4)
  4 worms
  15 giant geckos
  28 orcs
  7 bats
  24 giant cockroaches
  4 goblins
  7 hobgoblins
  15 jackals
  3 quokkas
  13 ball pythons
  A giant gecko skeleton (D:4)
  13 giant newts
  A jackal skeleton (D:6)
  8 kobolds
  A quokka skeleton (D:4)
  3 rats
239 creatures vanquished.

Vanquished Creatures (collateral kills)
  3 orc warriors (Bailey)
  A yak (D:9)
  An ogre (D:9)
  6 orcs
11 creatures vanquished.

Vanquished Creatures (others)
  2 orc warriors (Bailey)
2 creatures vanquished.

Grand Total: 252 creatures vanquished

Notes
Turn   | Place    | Note
--------------------------------------------------------------
     0 | D:1      | Goblin1989 the Demonspawn Transmuter began the quest for the Orb.
     0 | D:1      | Reached XP level 1. HP: 15/15 MP: 3/3
   229 | D:1      | Reached skill level 3 in Unarmed Combat
   497 | D:1      | Gained mutation: You are partially covered in sharp spines. [demonic ancestry]
   497 | D:1      | Reached XP level 2. HP: 19/21 MP: 5/5
   891 | D:1      | Gained mutation: You have sharp toenails. [demonic ancestry]
   891 | D:1      | Reached XP level 3. HP: 21/26 MP: 6/6
   953 | D:1      | Learned a level 2 spell: Sticks to Snakes
  1052 | D:2      | Noticed Jessica
  1061 | D:2      | Killed Jessica
  1061 | D:2      | Reached skill level 4 in Unarmed Combat
  1105 | D:2      | Found a sparkling altar of Nemelex Xobeh.
  1190 | D:2      | Learned a level 2 spell: Confusing Touch
  1545 | D:2      | Found a white marble altar of Elyvilon.
  1576 | D:2      | Gained mutation: You have razor-sharp toenails. [demonic ancestry]
  1576 | D:2      | Reached XP level 4. HP: 29/32 MP: 7/7
  1882 | D:3      | Noticed Grinder
  1892 | D:3      | Killed Grinder
  1892 | D:3      | Reached skill level 6 in Unarmed Combat
  1892 | D:3      | Gained mutation: You are mostly covered in sharp spines. [demonic ancestry]
  1892 | D:3      | Reached XP level 5. HP: 31/37 MP: 8/8
  1892 | D:3      | Gained mutation: Your flesh is cold resistant. [demonic ancestry]
  1892 | D:3      | Reached XP level 6. HP: 36/43 MP: 9/9
  2029 | D:3      | Noticed Ijyb
  2043 | D:3      | Killed Ijyb
  2085 | D:3      | Noticed Alipheese's ghost (amateur NaTm)
  2103 | D:3      | Killed Alipheese's ghost
  2103 | D:3      | Reached skill level 7 in Unarmed Combat
  2188 | D:3      | Found a faded altar to an unknown god.
  2202 | D:3      | Reached XP level 7. HP: 41/48 MP: 10/10
  2424 | D:3      | Found a stormy altar of Qazlal.
  2607 | D:3      | Noticed Sigmund
  2634 | D:3      | Killed Sigmund
  2634 | D:3      | Reached skill level 8 in Unarmed Combat
  3448 | D:4      | Noticed Alipheese's ghost (novice NaTm)
  3461 | D:4      | Killed Alipheese's ghost
  3461 | D:4      | Reached skill level 9 in Unarmed Combat
  3461 | D:4      | Reached XP level 8. HP: 45/54 MP: 9/11
  3558 | D:4      | Wingboner: ??battlemage[4
  3586 | D:4      | beem: battlemage[4/7]: TRANSMUTILATOR
  3599 | D:4      | Goblin1989: о, казуал!
  3599 | D:4      | Goblin1989: ты-то мне и помогешь
  3599 | D:4      | Wingboner: Кагдила?
  3599 | D:4      | Wingboner: Пробовал новые мечи?
  3599 | D:4      | Goblin1989: трансмутеры лучше монков
  3599 | D:4      | Goblin1989: неа
  3599 | D:4      | Goblin1989: что там?
  3599 | D:4      | Wingboner: Ха. Естественно что лучше.
  3599 | D:4      | Wingboner: Контратака.
  3599 | D:4      | Wingboner: Riposte.
  3599 | D:4      | Goblin1989: ты про какие мечи?
  3599 | D:4      | Wingboner: Когда по тебе промахиваются, 50% шанс ударить в ответ.
  3599 | D:4      | Goblin1989: неплохо
  3599 | D:4      | Wingboner: Очень сильный бафф лёгкой брони.
  3599 | D:4      | Goblin1989: надо заценить
  3599 | D:4      | Wingboner: Вот и я сейчас заценяю.
  3599 | D:4      | Wingboner: Заодно ачивку делаю, фанатика.
  3599 | D:4      | Goblin1989: ты вот подскажи мне как настроить патти под кроул
  3599 | D:4      | Wingboner: А чего там настраивать-то?
  3599 | D:4      | Wingboner: CRAWL.XTAHUA.COM
  3599 | D:4      | Goblin1989: та я хз как это сделать
  3599 | D:4      | Wingboner: ssh
  3599 | D:4      | Wingboner: порт 22
  3599 | D:4      | Goblin1989: не убегай отсюда, я сейчас скачаю на ноут
  3599 | D:4      | Wingboner: ??cxc
  3599 | D:4      | beem: cXc[1/2]: Server in France: CRAWL.XTAHUA.COM -- ssh port 22, username crawl, uses CAO key (available at http://CRAWL.XTAHUA.COM/crawl/keys/). Webtiles address: http://CRAWL.XTAHUA.COM
  3599 | D:4      | Wingboner: Вон адрес ключа.
  3599 | D:4      | Wingboner: А, ещё в connection — data прописать имя crawl
  3599 | D:4      | Wingboner: Ну и потом сохранить это всё как шаблон в session
  3601 | D:4      | Goblin1989: имя хоста скавл хтахуа?
  3601 | D:4      | Wingboner: CRAWL.XTAHUA.COM
  3601 | D:4      | Wingboner: ssh, порт 22
  3601 | D:4      | Goblin1989: дальше куда идти?
  3601 | D:4      | Wingboner: >А, ещё в connection — data прописать имя crawl
  3601 | D:4      | Wingboner: >Ну и потом сохранить это всё как шаблон в session
  3601 | D:4      | Wingboner: А, ключ ты скачал и подключил?
  3601 | D:4      | Wingboner: http://crawl.xtahua.com/crawl/keys/
  3601 | D:4      | Wingboner: cao_key.ppk
  3601 | D:4      | Goblin1989: нет, как это сделать?
  3601 | D:4      | Goblin1989: подключить
  3601 | D:4      | Goblin1989: скачать-то я скачал
  3601 | D:4      | Wingboner: Дык скачай по той ссылке, положи куда-нибудь, потом в SSH - auth там подключишь.
  3601 | D:4      | Wingboner: Private key.
  3601 | D:4      | Goblin1989: а в русской версии патти эта приватэ кей как переводится не знаешь?
  3601 | D:4      | Goblin1989: нашел
  3604 | D:4      | Goblin1989: так. где сохранять все настройки?
  3604 | D:4      | Wingboner: В самой первой вкладке.
  3604 | D:4      | Wingboner: Session.
  3604 | D:4      | Wingboner: Пишешь там что-нибудь и жмёшь сохранить.
  3604 | D:4      | Goblin1989: Это в самом верху то есть. Управление сеансами где, да?
  3604 | D:4      | Goblin1989: Так.
  3604 | D:4      | Goblin1989: а как сделать чтобы не вводить имя пользователя и пароль постоянно?
  3604 | D:4      | Wingboner: Я не делал этого, но в принципе сейчас подумаю.
  3604 | D:4      | Goblin1989: просто у меня пароль длиинный
  3604 | D:4      | Wingboner: Не, у меня быстро это сделать не получится, а скрипт писать лень сейчас.
  3604 | D:4      | Wingboner: Так поменяй.
  3604 | D:4      | Goblin1989: ладно.
  3604 | D:4      | Goblin1989: все равно спасибо за помощь
  3604 | D:4      | Wingboner: https://www.google.com/search?q=autologin+scrip+stone+soup&ie=utf-8&oe=utf-8
  3604 | D:4      | Wingboner: Гуглятся вон готовые скрипты, но, конечно, в основном под пингвина.
  3604 | D:4      | Wingboner: Я просто сейчас реально уставший.
  3604 | D:4      | Goblin1989: Да все равно спасибо
  3604 | D:4      | Goblin1989: оно у меня вообще не работало.
  3604 | D:4      | Goblin1989: а теперь я сам потихоньку разверусь
  3604 | D:4      | Goblin1989: мне начать главное было
  4034 | D:5      | Entered Level 5 of the Dungeon
  4077 | D:4      | Goblin1989: ладно, что там за новые мечи.
  4077 | D:4      | Goblin1989: давай смотреть
  4077 | D:4      | Goblin1989: тоже как-то не играется
  4077 | D:4      | Wingboner: ??riposte
  4077 | D:4      | beem: riposte[1/2]: New mechanic in 0.19. Long blades & the {fencer's gloves} give a 50% chance to retaliate when enemies miss you, giving you an automatic free attack. Monsters aren't cool enough to riposte.
  4077 | D:4      | Wingboner: ??riposte[2
  4077 | D:4      | beem: riposte[2/2]: If you're using the fencer's gloves with a long blade, the riposte chance stacks and becomes 100%.
  4077 | D:4      | Goblin1989: long blades?
  4077 | D:4      | Goblin1989: это асассином начинать нужно?
  4077 | D:4      | Goblin1989: или как?
  4077 | D:4      | Goblin1989: ок, асассино так асассином
  4077 | D:4      | Goblin1989: давай, я в 0,19 уе
  4077 | D:4      | Goblin1989: *уже
  4124 | D:5      | Found a shadowy altar of Dithmenos.
  4235 | D:5      | Noticed Edmund
  4330 | D:5      | Found a bloodstained altar of Trog.
  4330 | D:5      | Found a shattered altar of Ashenzari.
  4331 | D:5      | Found a shimmering altar of Xom.
  4356 | D:5      | Became a worshipper of Xom the Less-Predictable
  4378 | D:5      | Reached skill level 10 in Unarmed Combat
  4417 | D:5      | Killed Edmund
  4465 | D:5      | XOM: divination: magic mapping
  4842 | D:6      | Found a glowing drain.
  4846 | Sewer    | Entered a sewer
  4905 | Sewer    | XOM: noise
  4969 | Sewer    | Reached skill level 11 in Unarmed Combat
  4992 | Sewer    | Learned a level 5 spell: Blade Hands
  5009 | Sewer    | Gained mutation: You are partially covered in iridescent scales (AC +4). [demonic ancestry]
  5009 | Sewer    | Reached XP level 9. HP: 59/59 MP: 12/12
  5030 | Sewer    | XOM: harmless Summ miscast
  5053 | Sewer    | XOM: silly message
  5683 | D:6      | Found a staircase to the Ecumenical Temple.
  5818 | D:7      | XOM: potion effect (berserk rage)
  5963 | D:7      | Found a shimmering altar of Xom.
  5963 | D:7      | Found a shimmering altar of Xom.
  6163 | D:7      | XOM: divination: detect items
  6211 | D:7      | Found a flagged portal.
  6212 | D:7      | Noticed Prince Ribbit
  6218 | Bailey   | Entered a bailey
  6224 | Bailey   | XOM: divination: magic mapping
  6258 | Bailey   | XOM: divination: detect creatures
  6503 | Bailey   | XOM: mild Trmt miscast
  6827 | Bailey   | XOM: cast spell 'Metabolic Englaciation'
  6957 | Bailey   | XOM: potion effect (might)
  6971 | Bailey   | XOM: divination: detect items
  6992 | Bailey   | XOM: harmless Chrm miscast
  7306 | Bailey   | XOM: harmless Trmt miscast
  7387 | Bailey   | Noticed an orc knight
  7397 | Bailey   | XOM: silly message
  7410 | Bailey   | Killed an orc knight
  7410 | Bailey   | Reached XP level 10. HP: 37/73 MP: 11/13
  7435 | Bailey   | XOM is BORED!
  7435 | Bailey   | XOM: give mutations
  7435 | Bailey   | Gained mutation: You occasionally shout uncontrollably at your foes. [Xom's mischief]
  7435 | Bailey   | Lost mutation: You occasionally shout uncontrollably at your foes. [Xom's mischief]
  7435 | Bailey   | Gained mutation: Your body sometimes deteriorates upon taking damage. [Xom's mischief]
  7435 | Bailey   | Gained mutation: You are clumsy. (Dex -2) [Xom's mischief]
  7442 | D:7      | XOM: swap monsters
  7445 | D:7      | XOM: potion effect (berserk rage)
  7451 | D:7      | Killed Prince Ribbit
  7501 | D:7      | XOM: god gift: 11 arrows of frost
  7720 | D:7      | Found a shimmering altar of Xom.
  7721 | D:7      | Found a shimmering altar of Xom.
  7721 | D:7      | Found a shimmering altar of Xom.
  7783 | D:7      | You fall through a shaft for 2 floors!
  7808 | D:9      | Reached skill level 5 in Fighting
  7811 | D:9      | Reached skill level 5 in Dodging
  7811 | D:9      | Reached skill level 5 in Transmutations
  7852 | D:9      | XOM: give mutations
  7852 | D:9      | Gained mutation: You can spit weak poison. [Xom's grace]
  7852 | D:9      | Gained mutation: You possess an exceptional clarity of mind. [Xom's grace]
  8016 | D:9      | XOM: mild Summ miscast
  8031 | D:9      | XOM: summons 10 friendly demons
  8280 | D:9      | XOM: polymorph killer bee -> gnoll
  8285 | D:9      | XOM: cast spell 'Shadow Creatures'
  8322 | D:8      | HP: 3/112 [giant frog (4)]
  8325 | D:8      | HP: 1/112 [orc/trident (2)]
  8325 | D:8      | Slain by an orc warrior

Action                   |  1- 3 |  4- 6 |  7- 9 | 10-12 || total
-------------------------+-------+-------+-------+-------++-------
Melee: Unarmed           |    64 |    53 |   309 |    62 ||   488
 Cast: Beastly Appendage |     2 |       |    20 |       ||    22
       Sticks to Snakes  |       |       |    19 |       ||    19
Evoke: Wand              |       |       |    22 |       ||    22
       Box of beasts     |       |       |     4 |       ||     4
  Use: Potion            |       |     5 |     6 |     4 ||    15
       Scroll            |       |       |     7 |     1 ||     8
 Stab: Distracted        |       |       |     2 |       ||     2
       Sleeping          |       |       |     1 |       ||     1
       Confused          |       |       |       |     1 ||     1
  Eat: Chunk             |     2 |     2 |    12 |       ||    16
       Fruit             |       |       |     1 |     4 ||     5
       Meat ration       |       |       |     2 |       ||     2
       Pizza             |       |       |     1 |       ||     1
